 Dungeon Crawl Stone Soup version 0.32-a0-921-g04a7ad8e02 (webtiles) character file.

Game seed: 6136536242146683340

49 mrks the Slasher (level 3, -3/27 HPs)
             Began as a Coglin Gladiator on Apr 12, 2024.
             Slain by a goblin
             ... wielding a +0 club
              (4 damage)
             ... on level 2 of the Dungeon.
             The game lasted 00:01:14 (812 turns).

mrks the Slasher (Coglin Gladiator)                  Turns: 812, Time: 00:01:14

Health: -3/27      AC:  4    Str: 14    XL:     3   Next: 75%
Magic:  3/3        EV: 11    Int:  7    God:
Gold:   62         SH:  0    Dex: 17    Spells: 2/2 levels left

rFire   . . .        a - +0 long sword {Eitaro}
rCold   . . .        f - +0 dagger {Diego}
rNeg    . . .        b - +0 leather armour
rPois   .            c - +0 helmet
rElec   .            (no cloak)
rCorr   .            (no gloves)
SInv    .            (no boots)
Will    .....        (amulet unavailable)
Stlth   +            (ring unavailable)
HPRegen 0.24/turn    (ring unavailable)
MPRegen 0.08/turn    (no gizmo)

%: no passive effects
@: slowed, revved, very slow
A: off-hand wielding, slow wielding, warmup strikes, no jewellery
a: Invent Gizmo


You were on level 2 of the Dungeon.
You visited 1 branch of the dungeon, and saw 2 of its levels.

You collected 74 gold pieces.
You spent 12 gold pieces at shops.

Inventory:

Hand Weapons
 a - a +0 long sword (weapon) {Eitaro}
 f - a +0 dagger (offhand) {Diego}
Missiles
 d - 3 throwing nets (quivered)
 e - a javelin
Armour
 b - a +0 leather armour (worn)
 c - a +0 helmet (worn)
Scrolls
 h - 2 scrolls of teleportation {unknown}
 i - a scroll of silence {unknown}
 m - a scroll of poison {unknown}
 n - a scroll of identify {unknown}
Potions
 g - 2 potions of curing {unknown}
 j - a potion of enlightenment {unknown}
 k - a potion of cancellation {unknown}
 l - a potion of degeneration
 o - a potion of haste {unknown}


   Skills:
 - Level 2.0 Fighting
 + Level 4.6 Long Blades
 - Level 1.7 Throwing
 - Level 2.6 Dodging


You had 2 spell levels left.
You didn't know any spells.
Your spell library contained the following spells:

 Spells                   Type           Power      Damage    Failure   Level
 Static Discharge         Conj/Air       0%         3-3/arc   65%         2
 Airstrike                Air            0%         2d(0-16)  99%         4
 Summon Lightning Spire   Summ/Air       0%         N/A       99%         4


Dungeon Overview and Level Annotations

Branches:
Dungeon (2/15)

Altars:

Shops:
D:1 !


Innate Abilities, Weirdness & Mutations

You can wield a second weapon in your off-hand.
It takes a long time for you to wield or remove held weapons.
Your first few attacks do less damage.
You cannot equip rings or amulets.


Message History

Natasha claws you. The cerulean imp barely misses you.
You hit Natasha with your +0 long sword.
Natasha is heavily wounded.
You closely miss Natasha with your +0 dagger.
Natasha stares at you and mumbles some strange words.
You feel yourself slow down.
The cerulean imp hits you with a +0 spear.
You hit Natasha but do no damage.
Natasha is heavily wounded.
You hit Natasha but do no damage. Natasha claws you.
The cerulean imp closely misses you. Natasha claws you.
You barely miss Natasha with your +0 long sword.
Natasha is heavily wounded.
You barely miss Natasha with your +0 dagger.
The cerulean imp hits you with a +0 spear.
Natasha closely misses you. The cerulean imp misses you.
You completely miss Natasha with your +0 long sword.
Natasha is heavily wounded.
You hit Natasha with your +0 dagger. Natasha completely misses you.
The cerulean imp misses you. Natasha claws you!
* * * LOW HITPOINT WARNING * * *
The cerulean imp hits you but does no damage.
You hit Natasha with your +0 dagger.
Natasha is almost dead.
You slash Natasha with your +0 long sword!
You kill Natasha!
Natasha screams in pain as she dies!
The cerulean imp disappears in a puff of smoke!
The bat closely misses you. The goblin barely misses you.
You hit the goblin but do no damage.
You closely miss the goblin with your +0 long sword.
The goblin hits you with a +0 dagger.
* * * LOW HITPOINT WARNING * * *
You hit the goblin with your +0 dagger.
You kill the goblin!
The bat hits you but does no damage. The goblin closely misses you.
You barely miss the goblin with your +0 dagger.
You barely miss the goblin with your +0 long sword.
The goblin hits you with a +0 club.
You die...

.# # ... # .. .. #. ####
#.$#.. #######
.###..#.######### .......
.....bg.........#
#########.######@#######.#
### #............# #.#
..###..########### #.#
#...#....# #.# .....>#..#
#.# #####.#..# #.#
#.#..###############.#
##.#..................#
#......†....###########


You could see a goblin and a bat.

Vanquished Creatures
  Natasha (D:2)
  2 ball pythons
  4 endoplasms
  4 giant cockroaches (D:1)
  3 goblins
  A hobgoblin (D:1)
  A kobold (D:1)
  2 bats (D:1)
  3 frilled lizards
  2 rats (D:1)
23 creatures vanquished.

Notes
Turn   | Place    | Note
-------+----------+-------------------------------------------
     0 | D:1      | mrks the Coglin Gladiator began the quest for the Orb.
     0 | D:1      | Reached XP level 1. HP: 16/16 MP: 1/1
   183 | D:1      | Reached XP level 2. HP: 22/22 MP: 2/2
   197 | D:1      | Found Rilec's Distillery.
   204 | D:1      | Bought a potion of degeneration for 12 gold pieces
   686 | D:2      | Reached skill level 4 in Long Blades
   766 | D:2      | Reached XP level 3. HP: 27/27 MP: 3/3
   798 | D:2      | Noticed Natasha
   809 | D:2      | Killed Natasha
   810 | D:2      | HP: 1/27 [goblin/+0 dagger (2)]
   812 | D:2      | Slain by a goblin

Illustrated notes

Levels and vault maps discovered:
D:1:      dpeg_arrival_connections, layout_loops_ring, serial_shops,
          nicolae_shop_industrial_runoff, serial_bayou_ford_a
D:2:      layout_basic, uniq_natasha, uniq_robin

Skill      XL: |  1  2 |
---------------+-------+-----
Long Blades    | 4 |  4.6
Fighting       | |  2.0
Throwing       | |  1.7
Dodging        | |  2.6

Action                     || total
---------------------------++-------
  Melee: Long sword        ||    57
         Dagger            ||    53
 Armour: Leather armour    ||    25
  Dodge: Dodged            ||    38

Table legend: (Time is in decaauts)
 A = Elapsed time spent in this place.
 B = Non-inter-level travel time spent in this place.
 C = Inter-level travel time spent in this place.
 D = Time resting spent in this place.
 E = Time spent auto-exploring this place.
 F = Levels seen in this place.
 G = Mean time per level.
                   A        B        C        D        E       F      G
               +--------+--------+--------+--------+--------+-----+--------+
         Total |    832 |    825 |      7 |      0 |    649 |   2 |  416.0 |
       Dungeon |    832 |    825 |      7 |      0 |    649 |   2 |  416.0 |
               +--------+--------+--------+--------+--------+-----+--------+

Top non-repeatable levels by time:
     D:1: 650 daAuts
     D:2: 181 daAuts
